Map: 莱瑞拉克之冠

Players

Lightmator - Winner!

  • Race: Zerg Zerg
  • League: Diamond

shengy

  • Race: Zerg Zerg
  • League: Platinum

VOD

Have the link to the VOD?

Description

Time

  • Played on: Jan. 1, 2016, 2:57 p.m.
  • Length: 11:10
Show
View Real Time Build Order
Export as new Build Order

Lightmator Zerg - Winner!

Build Orders: Hatch First, Muta Ling Bane 

Get SALT Encoding   

  12  0:01  Drone  
  13  0:08  Drone  
  14  0:17  Drone, Extractor  
  15  0:22  Extractor  
  15  0:23  Extractor  
  15  0:24  Drone  
  16  0:45  Hatchery  
  15  0:57  Spawning Pool  
  15  1:00  Extractor  
  15  1:02  Drone  
  14  1:11  Drone, Extractor  
  14  1:15  Overlord  
  15  1:34  Drone  
  15  1:35  Drone  
  17  1:44  Queen  
  19  1:56  Queen  
  19  2:01  Metabolic Boost  
  21  2:04  Drone x2  
  21  2:08  Drone  
  24  2:15  Overlord  
  24  2:19  Drone  
  25  2:25  Drone  
  25  2:29  Drone  
  27  2:30  Drone  
  27  2:37  Drone x2  
  29  2:43  Baneling Nest  
  29  2:47  Drone  
  30  3:01  Drone x2  
  32  3:11  Overlord  
  32  3:12  Drone x2  
  34  3:18  Drone x2  
  34  3:19  Drone, Extractor  
  36  3:20  Overlord  
  36  3:21  Overlord  
  36  3:27  Lair  
  36  3:30  Drone  
  37  3:37  Drone x2  
  39  3:43  Drone x4  
  43  3:55  Overlord  
  43  4:08  Drone x2  
  45  4:10  Evolution Chamber x2  
  45  4:13  Overlord  
  45  4:16  Zergling x2  
  45  4:17  Zergling x6  
  45  4:18  Zergling x10  
  45  4:24  Zergling x2  
  53  4:32  Spire, Zergling x2  
  53  4:40  Zergling x4  
  53  4:45  Zergling x2  
  56  4:46  Zerg Melee Weapons Level 1  
  56  4:47  Drone  
  56  4:48  Drone  
  56  4:50  Hatchery, Zergling x2  
  56  4:51  Drone  
  59  5:11  Extractor  
  59  5:13  Extractor  
  57  5:16  Baneling x4  
  57  5:17  Baneling x3  
  57  5:19  Drone x5  
  52  5:44  Mutalisk  
  52  5:45  Mutalisk x2  
  58  5:51  Drone, Zergling x2  
  58  5:52  Zergling x8  
  58  5:53  Zergling x2  
  58  5:54  Zergling x2  
  58  5:55  Zergling x2  
  67  6:02  Zerg Ground Armor Level 1  
  67  6:03  Zergling x2  
  68  6:05  Drone, Queen  
  68  6:06  Drone  
  72  6:15  Zergling x2  
  73  6:21  Overlord x3  
  73  6:22  Overlord  
  73  6:34  Overlord  
  73  6:41  Mutalisk x3  
  73  6:42  Mutalisk  
  81  6:47  Drone x3  
  81  6:49  Drone x2  
  86  6:55  Drone  
  87  7:02  Drone x2  
  87  7:06  Mutalisk x3  
  95  7:10  Overlord  
  95  7:11  Overlord  
  95  7:23  Overlord  
  95  7:29  Drone x2  
  97  7:30  Drone x4  
  97  7:36  Mutalisk  
  101  7:37  Mutalisk  
  101  7:38  Drone x3  
  101  7:40  Drone  
  109  7:50  Mutalisk  
  111  7:51  Zergling x2  
  111  7:52  Zergling x4  
  111  7:53  Drone  
  111  7:57  Drone  
  116  8:01  Extractor x2, Mutalisk x2  
  116  8:02  Mutalisk  
  112  8:14  Zergling x2  
  112  8:15  Zergling x6  
  112  8:16  Zergling x2  
  112  8:17  Zergling x2  
  112  8:18  Zergling x4  
  120  8:22  Centrifical Hooks  
  120  8:24  Zergling x2  
  120  8:25  Baneling x4  
  121  8:35  Zergling x2  
  121  8:36  Zergling x6  
  121  8:38  Zergling x2  
  121  8:40  Zergling x4  
  128  8:41  Zergling x2  
  128  8:43  Overlord x2  
  128  8:47  Overlord  
  129  9:02  Zergling x6  
  132  9:03  Zergling x4  
  132  9:05  Baneling  
  132  9:06  Baneling x18  
  132  9:07  Zergling x4  
  132  9:08  Zergling x4  
  132  9:09  Zergling x2  
  139  9:13  Zergling x2  
  139  9:14  Zergling x2  
  98  9:32  Zergling x4  
  98  9:33  Zergling x4  
  98  9:34  Zergling x4  
  98  9:36  Overseer  
  94  9:38  Overseer x2  
  94  9:39  Zergling x2  
  94  9:40  Zergling x2  
  94  9:41  Zergling x2  
  94  9:45  Zergling x2  
  98  9:46  Zergling x2  
  98  9:47  Zergling x2  
  99  9:55  Zergling x2  
  99  9:58  Zergling x2  
  97  10:11  Zergling x2  
  97  10:12  Zergling x2  
  97  10:14  Hatchery, Zergling x2  
  98  10:15  Zergling x2  
  98  10:21  Zergling x4  
  102  10:27  Zergling x2  
  102  10:28  Zergling x2  
  101  10:31  Baneling x16  
  101  10:33  Baneling x4  
  101  10:34  Zergling x4  
  103  10:35  Zergling x2  
  103  10:36  Zergling x2  
  105  10:45  Zergling x2  
  105  10:46  Zergling x2  
  105  10:48  Zergling x2  
  105  10:49  Hatchery, Zergling x2  
  108  10:50  Zergling x2  
Show
View Real Time Build Order
Export as new Build Order

shengy Zerg 

Build Orders: Hatch First, Lurkers 

Get SALT Encoding   

  12  0:00  Drone  
  13  0:08  Drone  
  14  0:17  Overlord  
  14  0:35  Drone x3  
  17  0:46  Drone  
  18  0:58  Hatchery, Drone  
  18  1:08  Drone  
  18  1:10  Extractor  
  18  1:16  Spawning Pool  
  17  1:19  Drone  
  18  1:29  Drone  
  19  1:39  Overlord  
  19  1:59  Drone  
  20  2:01  Drone  
  20  2:03  Queen  
  23  2:09  Queen  
  23  2:10  Zergling x2  
  23  2:13  Metabolic Boost  
  26  2:23  Drone x3  
  29  2:32  Drone  
  30  2:39  Drone  
  30  2:43  Overlord  
  31  2:49  Drone  
  32  2:52  Drone  
  33  3:05  Baneling Nest, Drone  
  32  3:06  Drone  
  32  3:07  Drone  
  32  3:12  Drone x2  
  37  3:14  Drone  
  38  3:23  Overlord  
  38  3:33  Drone x2  
  38  3:34  Extractor, Roach Warren  
  39  3:37  Extractor, Drone  
  38  3:44  Drone x3  
  38  3:45  Drone  
  38  3:48  Overlord x2  
  42  4:03  Zergling x10  
  47  4:15  Zergling x6  
  47  4:16  Zergling x4  
  52  4:20  Overlord  
  52  4:22  Lair  
  52  4:32  Drone  
  52  4:33  Drone x4  
  52  4:35  Extractor  
  55  4:47  Zergling x6  
  58  4:57  Baneling x2  
  58  4:59  Baneling x2  
  58  5:00  Baneling  
  58  5:02  Zergling x2  
  58  5:03  Zergling x10  
  64  5:27  Hatchery  
  58  5:36  Roach x2  
  58  5:37  Roach x8  
  58  5:38  Overlord x2  
  72  5:50  Overlord x2  
  72  6:05  Hydralisk Den  
  71  6:13  Ravager  
  71  6:14  Ravager x3  
  71  6:15  Ravager  
  71  6:17  Drone x3  
  71  6:18  Drone x4  
  83  6:30  Drone x2  
  85  6:36  Queen  
  85  6:38  Glial Reconstitution  
  87  6:40  Lurker Den  
  87  6:42  Overlord  
  87  6:44  Overlord x2  
  87  6:49  Drone x3  
  87  6:50  Drone x2  
  87  6:54  Overlord  
  92  6:56  Overseer  
  92  6:57  Overseer  
  92  7:03  Hydralisk x5  
  102  7:10  Overlord  
  102  7:15  Hydralisk x5  
  111  7:23  Spore Crawler x2  
  111  7:24  Spore Crawler  
  111  7:27  Spore Crawler, Hydralisk x2  
  111  7:28  Hydralisk  
  113  7:33  Spore Crawler  
  113  7:35  Drone x2, Extractor x2  
  113  7:36  Drone  
  113  7:47  Spore Crawler  
  112  7:54  Spore Crawler  
  112  7:55  Drone x4  
  112  7:56  Evolution Chamber  
  112  7:58  Evolution Chamber  
  108  8:11  Drone x7  
  108  8:12  Drone x3  
  115  8:35  Spore Crawler  
  115  8:40  Hatchery, Overlord  
  113  8:43  Lurker x5  
  113  8:47  Hydralisk  
  120  8:50  Baneling x3  
  120  8:51  Baneling x2  
  120  8:53  Zerg Missile Weapons Level 1  
  120  8:59  Overseer  
  120  9:01  Hydralisk x4  
  114  9:33  Hydralisk  
  91  9:40  Hydralisk x7  
  91  9:41  Hydralisk x8  
  91  9:44  Overlord x2  
  112  10:11  Hydralisk x10  
  126  10:28  Zergling x14  
  127  10:29  Zergling x8  
  137  10:47  Baneling  
  137  10:48  Baneling x12  
Tags
 
Add a new tag
Caveats
  • Supply blocks, unpowered buildings, or Contaminate may cause inaccurate times.
  • Supply counts are checked every 10 seconds.